 Dungeon Crawl Stone Soup version 0.21.1-1-g345015f (webtiles) character file.

68877 nicolaieve the Peltast (level 14, 0/118 HPs)
             Began as a Minotaur Berserker on July 3, 2018.
             Was the Champion of Trog.
             Killed from afar by an electric eel (10 damage)
             ... with a bolt of electricity
             ... on level 13 of the Dungeon.
             The game lasted 01:59:21 (15669 turns).

nicolaieve the Peltast (Minotaur Berserker)        Turns: 15669, Time: 01:59:22

Health: 0/118      AC: 30    Str: 27    XL:     14   Next: 88%
Magic:  13/13      EV:  6    Int:  4    God:    Trog [******]
Gold:   2247       SH: 26    Dex: 10    Spells: 13/13 levels left

rFire    + . .     SeeInvis .   q - +1 war axe (flame)
rCold    + . .     Gourm    .   Z - +2 large shield
rNeg     + + .     Faith    .   H - +1 crystal plate armour {rC+}
rPois    +         Spirit   .   (helmet restricted)
rElec    .         Reflect  .   W - +1 cloak {MR+}
rCorr    .         Harm     .   K - +1 pair of gloves
MR       ++...     Rnd*Tele +   e - +1 pair of boots
Stlth    ..........             x - macabre finger necklace {rN+}
HPRegen  0.29/turn              S - ring of poison resistance
MPRegen  0.13/turn              j - ring of teleportation (curse)
                                N - ring of Elafeoxt {rF+ rN+}

@: very slow
A: retaliatory headbutt, horns 2
a: Berserk, Trog's Hand, Brothers in Arms, Burn Spellbooks, Renounce Religion


You were on level 13 of the Dungeon.
You worshipped Trog.
Trog was exalted by your worship.
You were not hungry.

You visited 3 branches of the dungeon, and saw 21 of its levels.
You also visited: Ossuary and Ice Cave.

You collected 2312 gold pieces.
You spent 65 gold pieces at shops.

Inventory:

Hand Weapons
 q - a +1 war axe of flaming (weapon)
 U - a +4 antimagic broad axe
 V - a +0 war axe of electrocution
Armour
 e - a +1 pair of boots (worn)
 H - a +1 crystal plate armour of cold resistance (worn)
 K - a +1 pair of gloves (worn)
 W - a +1 cloak of magic resistance (worn)
 Z - a +2 large shield (worn)
Jewellery
 i - an uncursed ring of protection from fire
 j - a cursed ring of teleportation (right hand)
 o - a +2 ring of protection
 u - an uncursed ring of protection from cold {unknown}
 x - the macabre finger necklace (around neck) {rN+}
   (You found it on level 4 of the Dungeon)

   [amulet of nothing]

   It protects you from negative energy.
 L - an uncursed ring of resist corrosion {unknown}
 N - the ring of Elafeoxt (on amulet) {rF+ rN+}
   (You found it on level 2 of the Lair of Beasts)

   [ring of protection from fire]

   It protects you from fire.
   It protects you from negative energy.
 S - a ring of poison resistance (left hand)
Wands
 g - a wand of enslavement (16)
 w - a wand of paralysis (10)
 A - a wand of acid (26)
 O - a wand of iceblast (9)
 P - a wand of digging (10)
 Q - a wand of clouds (17)
Scrolls
 a - a scroll of vulnerability {unknown}
 b - 6 scrolls of fear
 d - 6 scrolls of immolation
 k - 3 scrolls of teleportation
 n - 3 scrolls of amnesia {unknown}
 r - 5 scrolls of enchant weapon
 y - 5 scrolls of magic mapping
 D - 2 scrolls of silence {unknown}
 F - 2 scrolls of random uselessness {unknown}
 G - a scroll of brand weapon {unknown}
 J - a scroll of blinking {unknown}
 M - a scroll of enchant armour {unknown}
 R - 3 scrolls of fog
 X - 3 scrolls of acquirement {unknown}
Potions
 f - 2 potions of haste
 h - 2 potions of heal wounds
 l - 2 potions of invisibility
 m - 4 potions of agility
 p - 7 potions of curing
 s - 3 potions of brilliance
 v - 3 potions of lignification
 z - 2 potions of cancellation
 B - 2 potions of flight
 E - a potion of might
 I - 3 potions of mutation
Comestibles
 c - 29 rations
 t - 8 chunks of flesh


   Skills:
 - Level 9.4 Fighting
 - Level 18.0 Axes
 + Level 12.4 Armour
 - Level 2.3 Dodging
 * Level 20.9 Shields


You had 13 spell levels left.
You didn't know any spells.

Dungeon Overview and Level Annotations

Branches:
Dungeon (13/15)            Temple (0/1) D:5            Lair (6/6) D:10
  Slime (0/5) Lair:6          Orc (2/2) D:9             Elf (0/3) Orc:2
  Swamp: Lair:2-4    Shoals: Lair:2-4     Snake: Lair:2-4    Spider: Lair:2-4
 Vaults: D:13-14

Altars:
Ashenzari
Dithmenos
Elyvilon
Gozag
Hepliaklqana
Kikubaaqudgha
Makhleb
Okawaru
Ru
Sif Muna
Vehumet
Wu Jian
Yredelemnul
Beogh
Jiyva

Shops:
Orc:2 ([*=

Portals:
Hell: Lair:6


Innate Abilities, Weirdness & Mutations

You reflexively headbutt those who attack you in melee.
You have a pair of horns on your head.


Message History

The electric eel shoots out a bolt of lightning at you!
The bolt of electricity hits you!
* * * LOW HITPOINT WARNING * * *
The electric eel shoots out a bolt of lightning at you!
The bolt of electricity hits you!
* * * LOW HITPOINT WARNING * * *
The electric eel shoots out a bolt of lightning at you!
The bolt of electricity hits you!
* * * LOW HITPOINT WARNING * * *
The electric eel shoots out a bolt of lightning at you!
The bolt of electricity misses you.
The electric eel shoots out a bolt of lightning at you!
The bolt of electricity hits you!
* * * LOW HITPOINT WARNING * * *
The electric eel shoots out a bolt of lightning at you!
The bolt of electricity hits you!
* * * LOW HITPOINT WARNING * * *
The electric eel shoots out a bolt of lightning at you!
The bolt of electricity hits you!
You die...

........#+#..
(..................
..
.(...................
.......#..........#.#
....................
..[.............≈≈≈
............≈≈≈≈≈≈
...≈≈≈≈≈≈≈≈≈≈≈≈≈≈#
≈≈≈≈≈≈≈≈≈≈≈≈≈≈≈≈@##
≈≈≈≈≈≈≈≈≈≈≈≈≈≈≈≈;.#
≈≈≈≈≈≈≈≈≈≈≈≈≈≈≈≈≈##
≈≈≈≈≈≈≈≈≈≈≈≈≈≈≈≈##
≈≈≈≈≈≈≈≈≈≈≈≈≈≈≈≈
≈≈≈≈≈≈≈≈≈≈≈≈≈≈≈≈ ≈
≈≈≈≈≈≈≈ ≈≈≈≈≈≈≈
≈≈≈≈##≈


You could see an electric eel.

Vanquished Creatures
  Rupert (Lair:6)
  An orc warlord (Orc:2)
  The ghost of Th3D0c the Severer, a journeyman MiBe of Trog (Lair:6)
  A reaper (IceCv)
  The ghost of tkdonut the Cleaver, a journeyman HOBe of Trog (D:10)
  A catoblepas (D:13)
  3 hydras
  A death knight (D:13)
  The ghost of Theowulf the Skirmisher, a novice DrCj of Sif Muna (D:9)
  2 death yaks (Lair:6)
  5 two-headed ogres
  4 orc high priests (Orc:2)
  A sun demon (Lair:6)
  Sonja (D:13)
  A skeletal warrior (D:13)
  2 unseen horrors (D:13)
  A wizard (Lair:6)
  Pikel (D:8)
  A phantasmal warrior (D:13)
  4 orc sorcerers
  4 orc knights (Orc:2)
  An ugly thing (D:13)
  Maurice (D:12)
  2 black mambas
  Joseph (D:8)
  A smoke demon (Lair:6)
  A torpor snail (Lair:6)
  2 ice statues (IceCv)
  A centaur skeleton (D:12)
  A gargoyle (D:12)
  3 orange demons (Lair:6)
  9 spiny frogs
  4 rime drakes
  3 komodo dragons
  A freezing wraith (D:13)
  15 ice devils
  2 trolls
  A harpy skeleton (D:13)
  Prince Ribbit (D:5)
  12 slime creatures (D:13)
  27 blink frogs
  11 hippogriffs
  4 wraiths
  A shadow (D:13)
  A water elemental (D:13)
  2 wyverns (Lair:6)
  32 yaks
  2 basilisks
  Grum (D:8)
  A hungry ghost (D:10)
  2 wargs (Orc:2)
  14 water moccasins
  3 hell hounds (Lair:6)
  8 porcupines
  29 orc warriors
  A black bear (D:12)
  A sky beast (D:5)
  14 ice beasts
  2 necrophages
  5 ogres
  3 phantoms
  12 wolves
  10 centaurs
  8 crocodiles
  A big kobold (D:12)
  Blork the orc (D:4)
  15 bullfrogs
  A gnoll sergeant (D:8)
  5 scorpions
  A water moccasin skeleton (D:9)
  13 killer bees
  11 wights
  4 howler monkeys
  7 electric eels
  3 centaur zombies
  7 crimson imps
  5 hounds
  23 orc priests
  Crazy Yiuf (D:3)
  4 jellies
  3 iguanas
  Terence (D:2)
  20 orc wizards
  9 worker ants
  Natasha (thrice) (D:3)
  A statue (D:4)
  A hound zombie (D:7)
  A hound skeleton (D:7)
  A worker ant zombie (D:5)
  13 gnolls
  6 adders
  5 shadow imps
  11 white imps (IceCv)
  4 ufetubi (IceCv)
  3 oozes
  3 adder skeletons
  2 adder zombies
  2 worms
  5 leopard geckos
  84 orcs
  2 ball pythons (D:4)
  7 giant cockroaches
  7 hobgoblins
  13 jackals
  10 kobolds
  4 quokkas
  A ball python skeleton (Ossuary)
  10 bats
  2 frilled lizards (D:3)
  7 goblins
  4 hobgoblin zombies (Ossuary)
  A jackal skeleton (D:7)
  2 leopard gecko skeletons
  2 orc zombies (Ossuary)
  10 rats
  7 fungi
  8 plants
671 creatures vanquished.

Vanquished Creatures (others)
  2 orc wizards
  2 white imps (IceCv)
  3 ufetubi (IceCv)
  An orc (Orc:2)
  21 fungi
  10 plants
39 creatures vanquished.

Grand Total: 710 creatures vanquished

Notes
Turn   | Place    | Note
-------+----------+-------------------------------------------
     0 | D:1      | nicolaieve the Minotaur Berserker began the quest for the Orb.
     0 | D:1      | Reached XP level 1. HP: 19/19 MP: 0/0
   161 | D:1      | Reached XP level 2. HP: 16/27 MP: 1/1
   540 | D:2      | Reached XP level 3. HP: 32/34 MP: 2/2
   590 | D:2      | Reached ** piety under Trog
   839 | D:2      | Noticed Terence
   840 | D:2      | Killed Terence
   840 | D:2      | Reached XP level 4. HP: 41/41 MP: 3/3
   856 | D:2      | Reached skill level 5 in Axes
   887 | D:2      | Reached skill level 1 in Shields
  1146 | D:2      | Found a deep blue altar of Sif Muna.
  1401 | D:3      | Found a shattered altar of Ashenzari.
  1455 | D:3      | Found a white marble altar of Elyvilon.
  1455 | D:3      | Noticed Natasha
  1460 | D:3      | Killed Natasha
  1508 | D:3      | Reached XP level 5. HP: 34/47 MP: 4/4
  1635 | D:3      | Noticed Natasha
  1641 | D:3      | Killed Natasha
  1641 | D:3      | Reached skill level 2 in Shields
  1687 | D:3      | Found an ancient bone altar of Kikubaaqudgha.
  1740 | D:3      | Found a runed door.
  1744 | D:3      | Noticed Crazy Yiuf
  1749 | D:3      | Killed Crazy Yiuf
  1749 | D:3      | Reached *** piety under Trog
  1805 | D:3      | Noticed Natasha
  1814 | D:3      | Killed Natasha
  1814 | D:3      | Reached XP level 6. HP: 22/55 MP: 5/5
  1940 | D:3      | Found an opulent altar of Gozag.
  1979 | D:3      | Found a basalt altar of Yredelemnul.
  2300 | D:4      | Found a radiant altar of Vehumet.
  2418 | D:4      | Reached skill level 3 in Shields
  2451 | D:4      | Found the macabre finger necklace {rN+}
  2470 | D:4      | Found a sand-covered staircase.
  2490 | Ossuary  | Entered an ossuary
  2586 | Ossuary  | Noticed a wraith
  2586 | Ossuary  | Noticed a flying skull
  2630 | Ossuary  | Noticed a wraith
  2635 | Ossuary  | Killed a wraith
  2635 | Ossuary  | Reached skill level 4 in Shields
  2635 | Ossuary  | Reached XP level 7. HP: 60/60 MP: 6/6
  2641 | Ossuary  | Noticed a flying skull
  2659 | Ossuary  | Noticed a flying skull
  2661 | Ossuary  | Noticed a flying skull
  2683 | Ossuary  | Noticed a wraith
  2689 | Ossuary  | Killed a wraith
  2836 | D:4      | Reached **** piety under Trog
  2842 | D:4      | Reached XP level 8. HP: 25/67 MP: 7/7
  2952 | D:4      | Noticed Blork the orc
  2958 | D:4      | Killed Blork the orc
  2958 | D:4      | Reached skill level 10 in Axes
  2958 | D:4      | Reached skill level 5 in Shields
  3238 | D:5      | Entered Level 5 of the Dungeon
  3419 | D:5      | Found a staircase to the Ecumenical Temple.
  3561 | D:5      | Reached skill level 5 in Fighting
  3636 | D:5      | Noticed Prince Ribbit
  3652 | D:5      | Killed Prince Ribbit
  3674 | D:5      | Received a gift from Trog
  3795 | D:6      | Reached skill level 6 in Shields
  3893 | D:6      | Reached XP level 9. HP: 74/74 MP: 8/8
  4113 | D:6      | Found a burning altar of Makhleb.
  4369 | D:7      | Found an ornate altar of the Wu Jian Council.
  4544 | D:7      | Reached ***** piety under Trog
  4575 | D:7      | Found a hazy altar of Hepliaklqana.
  4807 | D:7      | Found a sacrificial altar of Ru.
  5078 | D:8      | Noticed a two-headed ogre
  5079 | D:8      | Reached skill level 7 in Shields
  5085 | D:8      | Killed a two-headed ogre
  5085 | D:8      | Reached skill level 5 in Armour
  5097 | D:8      | Reached XP level 10. HP: 51/83 MP: 9/9
  5176 | D:8      | Noticed Pikel
  5184 | D:8      | Killed Pikel
  5225 | D:8      | Noticed Grum
  5238 | D:8      | Killed Grum
  5344 | D:8      | Noticed Joseph
  5357 | D:8      | Killed Joseph
  5419 | D:8      | Found a shadowy altar of Dithmenos.
  5426 | D:8      | Reached skill level 8 in Shields
  5884 | D:9      | Noticed Theowulf's ghost (novice DrCj)
  5901 | D:9      | Killed Theowulf's ghost
  5901 | D:9      | Reached skill level 15 in Axes
  5971 | D:9      | Found an iron altar of Okawaru.
  6107 | D:9      | Reached XP level 11. HP: 91/92 MP: 10/10
  6110 | D:9      | Received a gift from Trog
  6133 | D:9      | Found a roughly hewn altar of Beogh.
  6133 | D:9      | Found a staircase to the Orcish Mines.
  6346 | D:10     | Entered Level 10 of the Dungeon
  6467 | D:10     | Found a staircase to the Lair.
  6473 | D:10     | Noticed a two-headed ogre
  6488 | D:10     | Killed a two-headed ogre
  6488 | D:10     | Reached skill level 9 in Shields
  6587 | D:10     | Noticed tkdonut's ghost (journeyman HOBe)
  6604 | D:10     | Killed tkdonut's ghost
  6726 | D:10     | Noticed a two-headed ogre
  6731 | D:10     | Killed a two-headed ogre
  6922 | Lair:1   | Entered Level 1 of the Lair of Beasts
  6976 | Lair:1   | Reached skill level 10 in Shields
  7056 | Lair:1   | Received a gift from Trog
  7662 | Lair:2   | Got a fine ivory ring
  7675 | Lair:2   | You fall through a shaft!
  7934 | Lair:3   | Reached XP level 12. HP: 92/104 MP: 11/11
  8013 | Lair:3   | Reached skill level 11 in Shields
  8592 | Lair:4   | Noticed a six-headed hydra
  8598 | Lair:4   | Killed a three-headed hydra
  8839 | Lair:4   | Reached skill level 12 in Shields
  9335 | Lair:4   | Identified the ring of Elafeoxt {rF+ rN+} (You found it on level 2 of the Lair of Beasts)
  9606 | Lair:5   | Reached ****** piety under Trog
  9609 | Lair:5   | Received a gift from Trog
  9609 | Lair:5   | Reached skill level 10 in Armour
  9613 | Lair:5   | Reached skill level 13 in Shields
  9941 | Lair:5   | Noticed a five-headed hydra
  9953 | Lair:5   | Killed a one-headed hydra
 10095 | Lair:6   | Entered Level 6 of the Lair of Beasts
 10227 | Lair:6   | Found a frozen archway.
 10228 | Lair:6   | Noticed Th3D0c's ghost (journeyman MiBe)
 10271 | IceCv    | Entered an ice cave
 10410 | IceCv    | Reached skill level 14 in Shields
 10575 | IceCv    | Reached XP level 13. HP: 74/111 MP: 12/12
 10658 | IceCv    | Noticed a reaper
 10667 | IceCv    | Killed a reaper
 10667 | IceCv    | Received a gift from Trog
 10964 | Lair:6   | Killed Th3D0c's ghost
 10964 | Lair:6   | Reached skill level 15 in Shields
 11039 | Lair:6   | Found a viscous altar of Jiyva.
 11040 | Lair:6   | Found a staircase to the Slime Pits.
 11204 | Lair:6   | Noticed Rupert
 11220 | Lair:6   | Paralysed by Rupert for 3 turns
 11227 | Lair:6   | Killed Rupert
 11332 | Lair:6   | Reached skill level 16 in Shields
 11738 | Lair:6   | Found a burning altar of Makhleb.
 11806 | Lair:6   | Found a gateway to Hell.
 11941 | Lair:6   | Found the +4 robe of Augmentation {Str+4 Int+4 Dex+4}
 12137 | Orc:1    | Entered Level 1 of the Orcish Mines
 12503 | Orc:2    | Entered Level 2 of the Orcish Mines
 12503 | Orc:2    | Found a staircase to the Elven Halls.
 12503 | Orc:2    | Found a roughly hewn altar of Beogh.
 12647 | Orc:2    | Received a gift from Trog
 12656 | Orc:2    | Reached XP level 14. HP: 118/118 MP: 13/13
 12735 | Orc:2    | Noticed an orc warlord
 12739 | Orc:2    | Reached skill level 17 in Shields
 12766 | Orc:2    | Killed an orc warlord
 12779 | Orc:2    | Reached skill level 18 in Shields
 12827 | Orc:2    | HP: 1/118 [sixfirhy[an orc high priest] (11)]
 12839 | Orc:2    | Received a gift from Trog
 13008 | Orc:2    | Found Toeqycillu's General Store.
 13009 | Orc:2    | Found Eqaedyeq's Jewellery Emporium.
 13010 | Orc:2    | Found Lijyhon's Antique Armour Shoppe.
 13010 | Orc:2    | Found Yrutuf's Antique Weapon Shoppe.
 13024 | Orc:2    | Bought a scroll of fog for 26 gold pieces
 13024 | Orc:2    | Bought a scroll of identify for 26 gold pieces
 13024 | Orc:2    | Bought a scroll of noise for 13 gold pieces
 14078 | D:11     | Received a gift from Trog
 14318 | D:12     | Reached skill level 19 in Shields
 14588 | D:12     | Noticed Maurice
 14597 | D:12     | Killed Maurice
 15228 | D:13     | Noticed Sonja
 15250 | D:13     | Killed Sonja
 15250 | D:13     | Reached skill level 20 in Shields
 15669 | D:13     | Killed from afar by an electric eel

Skill      XL: |  1  2  3  4  5  6  7  8  9 10 11 12 13 14 |
---------------+-------------------------------------------+-----
Axes           | 4 5 6 8 9 11 13 15 16 17 18 | 18.0
Fighting       | 4 5 6 7 9 |  9.4
Shields        | 1 2 4 6 7 8 10 14 16 20 | 20.9
Armour         | 3 5 7 8 10 11 12 | 12.4
Dodging        | |  2.3

Action                   |  1- 3 |  4- 6 |  7- 9 | 10-12 | 13-15 || total
-------------------------+-------+-------+-------+-------+-------++-------
Melee: Hand axe          |    53 |       |       |       |       ||    53
       Headbutt          |    12 |    19 |    52 |   138 |   171 ||   392
       War axe           |     3 |   142 |   249 |   630 |   601 ||  1625
       Broad axe         |       |       |       |    57 |   134 ||   191
Invok: Berserk           |       |     4 |     4 |     7 |     9 ||    24
       Trog's Hand       |       |     1 |       |     3 |     8 ||    12
       Burn Spellbooks   |       |       |     1 |     2 |       ||     3
  Use: Scroll            |       |       |    11 |     7 |     5 ||    23
       Potion            |       |       |       |       |     4 ||     4
  Eat: Chunk             |       |     8 |     9 |    25 |    17 ||    59
       Ration            |       |       |     1 |     1 |     3 ||     5
Armor: Animal skin       |    11 |       |       |       |       ||    11
       Ring mail         |     7 |    46 |    12 |       |       ||    65
       Scale mail        |       |       |    25 |       |       ||    25
       Plate armour      |       |       |    44 |   207 |     6 ||   257
       Crystal plate arm |       |       |       |       |   319 ||   319
Dodge: Dodged            |    22 |    47 |    44 |    84 |    63 ||   260
Block: Shield            |    15 |    72 |    95 |    40 |       ||   222
       Large shield      |       |       |       |   498 |   812 ||  1310
